 Dungeon Crawl Stone Soup version 0.23.2-1-ga50397a (webtiles) character file.

Game seed: 6760966091489918961

67 Kahibar the Insei (level 3, -3/29 HPs)
             Began as a Draconian Transmuter on May 17, 2019.
             Slain by Sigmund
             ... wielding a +0 scythe
              (4 damage)
             ... on level 2 of the Dungeon.
             The game lasted 00:18:56 (2029 turns).

Kahibar the Insei (Draconian Transmuter)            Turns: 2029, Time: 00:18:57

Health: -3/29      AC:  5    Str: 12    XL:     3   Next: 98%
Magic:  5/6        EV: 12    Int: 13    God:
Gold:   69         SH:  0    Dex: 12    Spells: 4/7 levels left

rFire    . . .     SeeInvis .   e - +0 short sword
rCold    . . .     Gourm    .   (no shield)
rNeg     . . .     Faith    .   (armour unavailable)
rPois    .         Spirit   .   (helmet restricted)
rElec    .         Reflect  .   (no cloak)
rCorr    .         Harm     .   (no gloves)
MR       .....                  (no boots)
Stlth    ++........             (no amulet)
HPRegen  0.09/turn              (no ring)
MPRegen  0.10/turn              (no ring)

@: no status effects
A: unfitting armour, cold-blooded, AC +5
a: no special abilities


You were on level 2 of the Dungeon.
You were not hungry.

You visited 1 branch of the dungeon, and saw 2 of its levels.

You collected 69 gold pieces.

Inventory:

Hand Weapons
 e - a +0 short sword (weapon)
 l - a +0 short sword
Missiles
 a - 4 arrows
 i - 25 bolts
 k - 39 stones (quivered)
Scrolls
 d - a scroll of identify {unknown}
 g - a scroll of amnesia {unknown}
 j - a scroll of random uselessness {unknown}
 n - a scroll of teleportation {unknown}
 o - a scroll of fear {unknown}
Potions
 b - 2 potions of lignification {unknown}
 f - a potion of curing {unknown}
 h - a potion of haste {unknown}
 m - a potion of degeneration {unknown}


   Skills:
 * Level 1.7 Fighting
 * Level 0.8 Short Blades
   Level 0.4 Maces & Flails
 * Level 0.7 Throwing
 + Level 2.0 Dodging
 * Level 1.1 Stealth
 - Level 3.1 Unarmed Combat
 + Level 2.5 Spellcasting
 * Level 2.4 Transmutations


You had 4 spell levels left.
You knew the following spells:

 Your Spells              Type           Power        Failure   Level  Hunger
a - Beastly Appendage     Tmut           #.....       9%          1    #......
b - Sticks to Snakes      Tmut           #.......     14%         2    ###....

Your spell library contained the following spells:

 Spells                   Type           Power        Failure   Level  Hunger
 Spider Form              Tmut/Pois      #.........   41%         3    ###....
 Ice Form                 Ice/Tmut       #.......     82%         4    #####..
 Blade Hands              Tmut           #.........   94%         5    ######.


Dungeon Overview and Level Annotations

Branches:
Dungeon (2/15)

Altars:

Annotations:
D:2 Sigmund


Innate Abilities, Weirdness & Mutations

Your plain brown scales are hard. (AC +5)
You cannot fit into any form of body armour.
You are cold-blooded and may be slowed by cold attacks.


Message History

Your adder bites Sigmund.
Sigmund looks as sick as possible!
Your adder poisons Sigmund!
Your adder bites Sigmund but does no damage.
You bump into the rock wall.
Sigmund gestures wildly while chanting.
Sigmund flickers and vanishes!
Deactivating autopickup; reactivate with Ctrl-A.
Are you sure you want to stumble around while confused and next to your adder?
Uppercase [Y]es or [N]o only, please.
Are you sure you want to stumble around while confused and next to your adder?
A magic dart appears from out of thin air!
The magic dart hits you.
* * * LOW HITPOINT WARNING * * *
A goblin comes into view.
Are you sure you want to stumble around while confused and next to your adder?
You feel less confused.
The goblin shouts!
The goblin drinks a potion.
The goblin flickers and vanishes!
You swap places.
Something hits you.
You die...

.# ..... .# .... .#
### ... .# >.# ... .#
#.# #.# #.# #.# #.#
#####.####.###.#####.#
#.......<...@S........
#.##...........####{.#
#.##...###.#####
#.###### #.# #.# #.#
#)# #.# #.# ##.## #.#
#####...##### #.#
#.....#.....#


You could see a friendly adder.

Vanquished Creatures
  2 adders
  An ooze (D:1)
  A worm (D:2)
  A dart slug (D:1)
  2 leopard geckos (D:1)
  6 bats (D:1)
  4 giant cockroaches
  4 goblins (D:1)
  4 hobgoblins (D:1)
  7 frilled lizards (D:1)
  4 kobolds
  5 rats (D:1)
41 creatures vanquished.

Vanquished Creatures (collateral kills)
  A worm (D:2)
1 creature vanquished.

Grand Total: 42 creatures vanquished

Notes
Turn   | Place    | Note
-------+----------+-------------------------------------------
     0 | D:1      | Kahibar the Draconian Transmuter began the quest for the
                  | Orb.
     0 | D:1      | Reached XP level 1. HP: 16/16 MP: 3/3
   227 | D:1      | Reached XP level 2. HP: 20/23 MP: 5/5
   753 | D:1      | Reached skill level 1 in Stealth
   771 | D:1      | Reached XP level 3. HP: 28/28 MP: 6/6
  1217 | D:1      | Learned a level 2 spell: Sticks to Snakes
  1846 | D:2      | Noticed Sigmund
  2027 | D:2      | HP: 1/29 [something/magic dart (5)]
  2029 | D:2      | Slain by Sigmund

Skill      XL: |  1  2  3 |
---------------+----------+-----
Stealth        | 1 |  1.1
Dodging        | 2 |  2.0
Fighting       | |  1.7
Short Blades   | |  0.8
Maces & Flails | |  0.4
Throwing       | |  0.7
Unarmed Combat | |  3.1
Spellcasting   | |  2.5
Transmutations | |  2.4

Action                   || total
-------------------------++-------
Melee: Unarmed           ||    13
       Club              ||    42
       Tailslap          ||    19
       Punch             ||     2
       Kick              ||     1
       Dagger            ||    58
       Short sword       ||    54
 Cast: Beastly Appendage ||     3
       Sticks to Snakes  ||     8
 Stab: Sleeping          ||     3
       Distracted        ||     1
  Eat: Chunk             ||     3
       Ration            ||     1
Armor: Skin              ||    52
Dodge: Dodged            ||   116
